 Dungeon Crawl Stone Soup version 0.30-a0-908-g5a111fc481 (webtiles) character file.

Game seed: 5919984864827902817

4475 jt the Basher (level 10, 0/58 HPs)
             Began as a Kobold Fighter on Mar 19, 2023.
             Was a High Priest of Kikubaaqudgha.
             Slain by a gnoll sergeant
             ... wielding a +0 glaive
              (10 damage)
             ... in a bailey.
             The game lasted 00:28:02 (9418 turns).

jt the Basher (Kobold Fighter)                      Turns: 9418, Time: 00:28:02

Health: 0/58       AC: 12    Str: 15    XL:     10   Next: 64%
Magic:  0/11       EV: 14    Int: 12    God:    Kikubaaqudgha [*****.]
Gold:   301        SH: 12    Dex: 15    Spells: 7/11 levels left

rFire   . . .      SeeInvis +    a - +1 flail (elec)
rCold   . . .      Faith    .    P - +2 buckler
rNeg    . . .      Spirit   .    K - +0 steam dragon scales
rPois   .          Reflect  +    l - +1 helmet
rElec   .          Rampage  .    v - +0 cloak
rCorr   .                        (no gloves)
Will    .....                    D - +0 pair of boots
Stlth   +++                      s - amulet of reflection
HPRegen 0.29/turn                R - ring of see invisible
MPRegen 0.12/turn                (no ring)

@: weakened
A: small, no large weapons, nightstalker 3, iridescent scales 1, evolution 1,
MP-powered wands
a: Renounce Religion, Unearth Wretches, Torment


You were in a bailey.
You worshipped Kikubaaqudgha.
Kikubaaqudgha was extremely pleased with you.
You visited 2 branches of the dungeon, and saw 9 of its levels.
You also visited: Sewer, Ossuary and Bailey.

You collected 301 gold pieces.

Inventory:

Hand Weapons
 a - a +1 flail of electrocution (weapon)
 u - a +3 flail
 y - a +0 trident
 F - a +0 spear of venom
Missiles
 i - 73 stones
 N - 6 poisoned darts (quivered)
 Q - 4 throwing nets
 S - a curare-tipped dart
Armour
 l - a +1 helmet (worn)
 o - an orb of wrath
 v - a +0 cloak (worn)
 B - a +0 chain mail
 D - a +0 pair of boots (worn)
 K - +0 steam dragon scales (worn)
 L - a +0 kite shield
 P - a +2 buckler (worn)
Magical Staves
 f - a staff of cold
 q - a staff of fire
Jewellery
 s - an amulet of reflection (around neck)
 R - a ring of see invisible (left hand)
Wands
 b - a wand of flame (15)
 m - a wand of charming (8)
 C - a wand of roots (2)
 E - a wand of acid (5)
 G - a wand of digging (11)
Scrolls
 e - a scroll of fear
 g - a scroll of enchant weapon
 k - 2 scrolls of fog
 n - 2 scrolls of poison
 p - 2 scrolls of vulnerability
 t - 2 scrolls of blinking
 H - a scroll of enchant armour
 I - a scroll of summoning
 J - 2 scrolls of teleportation
Potions
 c - a potion of invisibility
 d - 3 potions of attraction
 h - 2 potions of flight
 j - 6 potions of curing
 r - 3 potions of cancellation
 w - 4 potions of brilliance
 x - 4 potions of heal wounds
 z - a potion of berserk rage
 A - a potion of mutation
 M - a potion of lignification
 O - a potion of ambrosia


   Skills:
 - Level 4.7 Fighting
 * Level 10.8 Maces & Flails
 - Level 2.0 Throwing
 - Level 4.0 Armour
 - Level 2.0 Dodging
 - Level 2.0 Stealth
 - Level 6.0 Shields
 + Level 1.1 Spellcasting
 + Level 1.1 Necromancy
 - Level 2.0 Evocations


You had 7 spell levels left.
You knew the following spells:

 Your Spells              Type           Power      Damage    Failure   Level
a - Kiss of Death         Conj/Necr      8%         2d6       32%         1
b - Vampiric Draining     Necr           3%         2d6       61%         3

Your spell library contained the following spells:

 Spells                   Type           Power      Damage    Failure   Level
 Necrotise                Necr           12%        1d4       26%         1
 Sublimation of Blood     Necr           3%         N/A       36%         2
 Beastly Appendage        Tmut           0%         N/A       38%         1
 Sting                    Tmut/Pois      0%         1d3       38%         1
 Poisonous Vapours        Pois/Air       0%         N/A       54%         2
 Wereblood                Tmut           0%         N/A       54%         2
 Confusing Touch          Hex            0%         N/A       77%         3
 Inner Flame              Hex/Fire       0%         N/A       77%         3
 Ozocubu's Armour         Ice            0%         N/A       77%         3
 Spider Form              Tmut/Pois      0%         N/A       77%         3
 Dispel Undead            Necr           3%         3d7       95%         4
 Anguish                  Hex/Necr       1%         N/A       97%         4
 Cause Fear               Hex            0%         N/A       99%         4
 Olgreb's Toxic Radiance  Pois           0%         N/A       99%         4
 Agony                    Necr           3%         N/A       100%        5
 Metabolic Englaciation   Hex/Ice        0%         N/A       100%        5
 Death Channel            Necr           1%         N/A       100%        6
 Simulacrum               Ice/Necr       1%         N/A       100%        6
 Discord                  Hex            0%         N/A       100%        8


Dungeon Overview and Level Annotations

Branches:
Dungeon (8/15)             Temple (1/1) D:6           Sewer (visited)
Ossuary (visited)          Bailey (1/1)
   Lair: D:8-11

Altars:
Ashenzari
Cheibriados
Dithmenos
Elyvilon
Fedhas
Gozag
Hepliaklqana
Kikubaaqudgha
Makhleb
Nemelex Xobeh
Okawaru
Qazlal
Ru
Sif Muna
Trog
Vehumet
Wu Jian
Xom
Yredelemnul
Zin
The Shining One

Shops:
D:6 :


Innate Abilities, Weirdness & Mutations

You are small and have problems with some larger weapons.
You are completely attuned to the shadows.
You are partially covered in iridescent scales. (AC +2)
You have hidden genetic potential.
You expend magic power (3 MP) to strengthen your wands.


Message History

The wolf resists with significant effort.
The wolf bites you but does no damage.
The gnoll bouda gazes fiercely through you!
You feel your attacks grow feeble.
The gnoll sergeant completely misses you.
The wolf bites you but does no damage. You block the gnoll sergeant's attack.
The wolf attacks as you move away! The wolf closely misses you.
The gnoll bouda barks out a call to the hunt!
The gnolls pick up the pace!
You block the wolf's attack. x2; The gnoll sergeant misses you.
Aiming: Charm
Press: ? - help, Shift-Dir - straight line, f/p - wolf
Aim: a wolf (chance to affect: 54%)
The wolf resists with significant effort.
You block the wolf's attack. x2; The gnoll sergeant barely misses you.
You block the wolf's attack. You block the gnoll sergeant's attack.
The gnoll bouda barks out a call to the hunt!
Your attacks no longer feel as feeble.
You block the wolf's attack. You block the gnoll sergeant's attack.
There is an open door here.
Aiming: Charm
Press: ? - help, Shift-Dir - straight line, f - wolf, p - wolf
Aim: a wolf (chance to affect: 55%)
The wolf resists with significant effort.
You block the wolf's attack. The wolf barely misses you. x2
The gnoll bouda hits you from afar with a +0 trident!
* * * LOW HITPOINT WARNING * * *
The gnoll sergeant misses you. The wolf closely misses you.
The gnoll sergeant closely misses you. The wolf attacks as you move away!
You block the wolf's attack.
You close the door.
The wolf barely misses you.
A gnoll bouda opens the door.
The gnoll bouda misses you.
The wolf pauses to sniff the ground.
The wolf bites you!
* * * LOW HITPOINT WARNING * * *
The gnoll bouda gazes fiercely through you!
You feel your attacks grow feeble.
The gnoll sergeant hits you from afar with a +0 glaive!
You die...
Kikubaaqudgha rasps: "You have failed me!
Welcome... death!"

.### ##...≈♣ .#
##..≈♣ .# #..≈♣
.# #..≈♣ .# #..≈♣
.# ##+##..≈♣ .+
#......≈♣ .+
+..)...≈♣ .+
#.h@)..≈♣ .#
###h##..≈♣ .#
##ggg.#).≈♣ .#
..#####.gg..#..≈♣
.#
....'.†.....#.)≈♣
.#
...g#†.....##..≈♣
.###
8.g.#...8.##...≈♣
...#
###########...≈≈♣
≈≈≈≈≈≈≈ ≈≈≈≈≈≈♣♣


You could see 2 gnoll sergeants, 2 wolves, 2 gnoll boudas and a gnoll.

Vanquished Creatures
  Pikel (D:6)
  Maggie (D:6)
  A wyvern (D:7)
  Eustachio (D:5)
  A water moccasin (D:7)
  An orc warrior (D:7)
  2 sky beasts
  An ice beast (D:7)
  A black bear (D:7)
  3 wolves (Bailey)
  A lemure (D:6)
  2 centaurs
  A kobold brigand (D:8)
  8 bullfrogs
  A scorpion (D:5)
  4 gnoll sergeants
  6 killer bees
  4 hounds
  A jelly (D:7)
  A sleepcap (D:7)
  A gnoll bouda (D:6)
  8 iguanas
  Ijyb (D:3)
  5 orc wizards
  12 mummies (Ossuary)
  Robin (D:3)
  22 gnolls
  17 adders
  A river rat (D:5)
  A shadow imp (D:7)
  A white imp (D:6)
  4 worms
  4 dart slugs
  13 orcs
  18 ball pythons
  23 endoplasms
  13 giant cockroaches
  13 goblins
  17 hobgoblins
  5 jackals
  6 kobolds
  9 quokkas
  3 bats
  10 frilled lizards
  A gnoll skeleton (Ossuary)
  3 goblin skeletons (Ossuary)
  2 kobold skeletons (Ossuary)
  2 orc skeletons (Ossuary)
  2 rats
  11 rat skeletons (Ossuary)
271 creatures vanquished.

Notes
Turn   | Place    | Note
-------+----------+-------------------------------------------
     0 | D:1      | jt the Kobold Fighter began the quest for the Orb.
     0 | D:1      | Reached XP level 1. HP: 14/14 MP: 1/1
   152 | D:1      | Reached skill level 1 in Stealth
   194 | D:1      | Reached XP level 2. HP: 15/19 MP: 2/2
   259 | D:1      | Reached skill level 2 in Maces & Flails
   365 | D:1      | Reached XP level 3. HP: 23/23 MP: 3/3
   724 | D:1      | Found a faded altar of an unknown god.
   733 | D:1      | Prayed at the altar of an unknown god.
   733 | D:1      | Became a worshipper of Kikubaaqudgha
   733 | D:1      | Reached * piety under Kikubaaqudgha
   733 | D:1      | Received a gift from Kikubaaqudgha
  1028 | D:2      | Reached XP level 4. HP: 29/29 MP: 4/4
  1209 | D:3      | Noticed Ijyb
  1604 | D:2      | Reached skill level 3 in Maces & Flails
  1787 | D:3      | Found a shimmering altar of Xom.
  1791 | D:3      | Noticed Robin
  1811 | D:2      | Reached ** piety under Kikubaaqudgha
  1923 | D:3      | Killed Ijyb
  1924 | D:3      | Reached XP level 5. HP: 33/33 MP: 5/5
  2038 | D:3      | Killed Robin
  2187 | D:4      | Found a sparkling altar of Nemelex Xobeh.
  2295 | D:4      | Found a sand-covered staircase.
  2300 | Ossuary  | Entered an ossuary
  2337 | Ossuary  | Reached XP level 6. HP: 38/38 MP: 6/6
  2441 | Ossuary  | Reached skill level 4 in Maces & Flails
  2517 | Ossuary  | Reached *** piety under Kikubaaqudgha
  2517 | Ossuary  | Received a gift from Kikubaaqudgha
  2862 | D:4      | Reached XP level 7. HP: 44/44 MP: 7/7
  3004 | D:4      | Found a glowing silver altar of Zin.
  3395 | D:3      | Reached skill level 1 in Evocations
  3733 | D:3      | Found a shimmering blue altar of Sif Muna.
  3735 | D:3      | Found a broken altar of Ashenzari.
  3736 | D:3      | Found a sacrificial altar of Ru.
  3737 | D:3      | Found a blossoming altar of Fedhas.
  3737 | D:3      | Found a glowing golden altar of the Shining One.
  3832 | D:5      | Entered Level 5 of the Dungeon
  3864 | D:5      | Reached skill level 5 in Maces & Flails
  4045 | D:5      | Reached XP level 8. HP: 29/48 MP: 8/8
  4091 | D:5      | Noticed Eustachio
  4095 | D:5      | Found a glowing drain.
  4109 | D:5      | Killed Eustachio
  4109 | D:5      | Reached **** piety under Kikubaaqudgha
  4110 | D:5      | Reached skill level 6 in Maces & Flails
  4172 | Sewer    | Entered a sewer
  5512 | D:6      | Found a staircase to the Ecumenical Temple.
  5518 | Temple   | Entered the Ecumenical Temple
  5630 | D:6      | Reached skill level 7 in Maces & Flails
  5768 | D:6      | Reached skill level 5 in Shields
  5768 | D:6      | Reached XP level 9. HP: 48/52 MP: 9/9
  5775 | D:6      | Noticed Maggie
  5778 | D:6      | Killed Maggie
  5779 | D:6      | Reached skill level 1 in Dodging
  5794 | D:6      | Reached skill level 8 in Maces & Flails
  6022 | D:5      | Learned a level 1 spell: Kiss of Death
  6026 | D:5      | Learned a level 3 spell: Vampiric Draining
  6197 | D:6      | Reached ***** piety under Kikubaaqudgha
  6734 | D:6      | Found Xisupemp's Self-Improvement Boutique.
  7073 | D:6      | Reached skill level 1 in Throwing
  7261 | D:7      | Noticed Pikel
  7331 | D:6      | Gained mutation: You have hidden genetic potential. [potion
                  | of mutation]
  7331 | D:6      | Gained mutation: You are partially covered in iridescent
                  | scales. (AC +2) [potion of mutation]
  7343 | D:6      | Killed Pikel
  7594 | D:7      | Reached skill level 9 in Maces & Flails
  7594 | D:7      | Reached XP level 10. HP: 55/58 MP: 10/10
  8628 | D:7      | Reached skill level 10 in Maces & Flails
  8859 | D:8      | Gained mutation: You expend magic power (3 MP) to
                  | strengthen your wands. [hidden potential]
  9067 | D:8      | Found a flagged portal.
  9086 | Bailey   | Entered a bailey
  9393 | Bailey   | Reached skill level 1 in Spellcasting
  9393 | Bailey   | Reached skill level 1 in Necromancy
  9418 | Bailey   | Slain by a gnoll sergeant

Illustrated notes

Levels and vault maps discovered:
D:1:      amcnicky_arrival_choice, layout_basic,
          hellmonk_ecumenical_altar_dog_temple
D:2:      layout_basic, minmay_bisected
D:3:      layout_basic, minitemple, uniq_jessica, uniq_robin, uniq_ijyb
D:4:      layout_loops_ring, general_overflow_altar,
          nemelex_xobeh_ov_fountains_minmay, enter_ossuary_5
D:5:      layout_basic, cheibrodos_sewer_entry_sluice, uniq_eustachio
D:6:      layout_gridville, minmay_temple_entry_junction,
          nicolae_shop_self_help, uniq_maggie
D:7:      layout_layer_cave, grunt_ministairs_12, uniq_pikel
D:8:      layout_cave_pools, enter_bailey_3, gammafunk_ghost_berserking_beasts,
          amcnicky_mini_pool_medium
Temple:   eino_temple_lava
Bailey:   bailey_polearm_gnolls_kennysheep, bailey

Skill      XL: |  1  2  3  4  5  6  7  8  9 10 |
---------------+-------------------------------+-----
Stealth        | 1 2 |  2.0
Maces & Flails | 2 3 4 5 7 9 10 | 10.8
Fighting       | 4 |  4.7
Shields        | 3 4 5 6 |  6.0
Evocations     | 2 |  2.0
Dodging        | 2 |  2.0
Armour         | 3 4 |  4.0
Throwing       | 2 |  2.0
Spellcasting   | 1 |  1.1
Necromancy     | 1 |  1.1

Action                     |  1- 3 |  4- 6 |  7- 9 | 10-12 || total
---------------------------+-------+-------+-------+-------++-------
  Melee: Flail             |    93 |   196 |   377 |   177 ||   843
         Spear             |       |       |     6 |       ||     6
  Throw: Stone             |     2 |     4 |    13 |       ||    19
         Dart              |       |       |     9 |     5 ||    14
  Evoke: Wand              |       |       |    12 |     9 ||    21
    Use: Scroll            |     2 |    10 |     5 |     1 ||    18
         Potion            |     1 |     6 |     5 |     2 ||    14
   Stab: Sleeping          |     2 |    12 |     5 |     6 ||    25
         Distracted        |     1 |       |       |       ||     1
 Armour: Scale mail        |    34 |    69 |   108 |       ||   211
         Steam dragon scal |       |       |    15 |    56 ||    71
  Dodge: Dodged            |    50 |    78 |   161 |   112 ||   401
  Block: Buckler           |    18 |    77 |   225 |   128 ||   448
         Reflection        |       |       |     3 |     2 ||     5

Table legend: (Time is in decaauts)
 A = Elapsed time spent in this place.
 B = Non-inter-level travel time spent in this place.
 C = Inter-level travel time spent in this place.
 D = Time resting spent in this place.
 E = Time spent auto-exploring this place.
 F = Levels seen in this place.
 G = Mean time per level.
                   A        B        C        D        E       F      G
               +--------+--------+--------+--------+--------+-----+--------+
         Total |   9673 |   9339 |    334 |   1700 |   4272 |  12 |  806.1 |
       Dungeon |   7967 |   7633 |    334 |   1152 |   3948 |   8 |  995.9 |
        Temple |    189 |    189 |      0 |    161 |      0 |   1 |  189.0 |
         Sewer |    787 |    787 |      0 |    229 |    183 |   1 |  787.0 |
       Ossuary |    402 |    402 |      0 |      0 |    141 |   1 |  402.0 |
        Bailey |    326 |    326 |      0 |    158 |      0 |   1 |  326.0 |
               +--------+--------+--------+--------+--------+-----+--------+

Top non-repeatable levels by time:
     D:6: 1661 daAuts
     D:7: 1587 daAuts
     D:2: 1176 daAuts
     D:5: 1018 daAuts
     D:1: 820 daAuts
     D:4: 818 daAuts
   Sewer: 787 daAuts
     D:3: 734 daAuts
 Ossuary: 402 daAuts
  Bailey: 326 daAuts
  Temple: 189 daAuts
     D:8: 150 daAuts
